 Dungeon Crawl Stone Soup version 0.29.0-4-gdea44cf6ec (webtiles) character file.

Game seed: 849857157438996429

1642 qw the Grappler (level 8, 0/78 HPs)
             Began as a Troll Cinder Acolyte on Aug 31, 2022.
             Was a High Priest of Ignis.
             Slain by a killer bee (1 damage)
             ... on level 7 of the Dungeon.
             The game lasted 00:02:24 (4738 turns).

qw the Grappler (Troll Cinder Acolyte)              Turns: 4738, Time: 00:02:25

Health: 0/78       AC: 12    Str: 25    XL:     8   Next: 67%
Magic:  8/8        EV:  9    Int: 10    God:    Ignis [*****.]
Gold:   384        SH:  0    Dex:  5    Spells: 9/9 levels left

rFire   + . .      SeeInvis .     - Unarmed
rCold   . . .      Faith    .   (no shield)
rNeg    . . .      Spirit   .   a - +0 robe
rPois   .          Reflect  .   (helmet restricted)
rElec   .          Harm     .   j - +0 cloak
rCorr   .          Rampage  .   (gloves unavailable)
Will    .....                   (boots unavailable)
Stlth   +.........              (no amulet)
HPRegen 1.03/turn               (no ring)
MPRegen 0.11/turn               (no ring)

@: lethally poisoned (0 -> -8), about to teleport, fiery-armoured
A: large, unfitting armour, claws 3, regeneration 1, shaggy fur 1, tough skin 1
a: Renounce Religion, Fiery Armour, Foxfire Swarm, Rising Flame


You were on level 7 of the Dungeon.
You worshipped Ignis.
Ignis was extremely pleased with you.
You visited 1 branch of the dungeon, and saw 7 of its levels.

You collected 384 gold pieces.


Innate Abilities, Weirdness & Mutations

You are too large for most types of armour.
You have claws for hands.
Your natural rate of healing is unusually fast.
You are covered in fur. (AC +1)
You have tough skin. (AC +1)


   Skills:
 - Level 4.1 Fighting
 - Level 2.4 Throwing
 - Level 1.5 Dodging
 + Level 10.0 Unarmed Combat
 - Level 1.0 Spellcasting
 - Level 2.1 Fire Magic


You had 9 spell levels left.
You didn't know any spells.
Your spell library contained the following spells:

 Spells                   Type           Power      Damage    Failure   Level
 Scorch                   Fire           8%         2d5       22%         2

Inventory:

Missiles
 g - 7 javelins (quivered)
 p - 3 boomerangs
Armour
 a - a +0 robe (worn)
 j - a +0 cloak (worn)
Scrolls
 c - 3 scrolls of identify
 k - 2 scrolls of teleportation
Potions
 b - a potion of haste
 d - a potion of lignification {unknown}
 e - a potion of invisibility {unknown}
 f - a potion of might {unknown}
 h - a potion of mutation {unknown}
 i - a potion of resistance {unknown}
 l - a potion of curing {unknown}
 m - a potion of heal wounds {unknown}
 n - a potion of cancellation {unknown}

Dungeon Overview and Level Annotations

Branches:
Dungeon (7/15)             Temple (0/1) D:6

Altars:
Fedhas
Sif Muna
Uskayaw
Vehumet
Zin

Annotations:
D:6 2 transporters, qw's ghost, novice TrCA


Message History

The killer bee poisons you!
You hear a shout!
4736 ||| INVOKING Fiery Armour.
A protective cloak of flame settles atop you.
You feel very sick. The killer bee stings you.
The killer bee is burned by your cloak of flames.
The killer bee is lightly wounded.
The killer bee stings you.
The killer bee is burned by your cloak of flames.
The killer bee is almost dead.
The killer bee barely misses you.
The killer bee stings you but does no damage.
The killer bee is burned by your cloak of flames.
The killer bee is moderately wounded.
The killer bee stings you but does no damage.
The killer bee is burned by your cloak of flames.
You kill the killer bee!
The killer bee stings you.
You are lethally poisoned!
The killer bee poisons you!
The killer bee is burned by your cloak of flames.
The killer bee is moderately wounded.
Your Fighting skill increases to level 4!
4737 ||| READING 3 scrolls of teleportation.
As you read the scroll of teleportation, it crumbles to dust.
You feel strangely unstable.
You feel very sick.
The killer bee stings you but does no damage.
The killer bee is burned by your cloak of flames.
The killer bee is heavily wounded.
The killer bee barely misses you. The killer bee stings you!
The killer bee is burned by your cloak of flames.
The killer bee is almost dead.
The killer bee barely misses you.
You miss the killer bee.
The killer bee is almost dead.
You feel very sick. The killer bee misses you. The killer bee stings you.
You die...

...#....##..............#
#.........#.........###
#..#.#..###.........
##.###.###.....
##.###.##......
###....#.........
#.........##.....
##......y##...##
###...@y.h.....
#...%.......(
###.###...... ### #..##.
.... ..## .# #


You could see a howler monkey and 2 killer bees.

Vanquished Creatures
  Grinder (D:5)
  Menkaure (D:6)
  Duvessa (D:6)
  An orc warrior (D:7)
  A sky beast (D:5)
  A black bear (D:6)
  2 centaurs (D:6)
  Blork the orc (D:4)
  A bullfrog (D:7)
  Dowan (D:6)
  3 killer bees (D:7)
  2 howler monkeys
  4 hounds
  A gnoll bouda (D:4)
  2 iguanas
  An orc wizard (D:7)
  4 gnolls (D:4)
  4 adders
  A shadow imp (D:5)
  2 white imps (D:6)
  An ufetubus (D:4)
  A worm (D:2)
  3 dart slugs
  11 orcs
  8 endoplasms
  3 giant cockroaches
  6 goblins
  3 hobgoblins (D:1)
  2 jackals (D:2)
  7 ball pythons
  6 bats
  4 frilled lizards
  2 kobolds (D:1)
  3 kobold zombies (D:7)
  An orc zombie (D:7)
  5 rats
101 creatures vanquished.

Vanquished Creatures (others)
  2 fungi (D:1)
  2 plants (D:1)
4 creatures vanquished.

Grand Total: 105 creatures vanquished

Notes
Turn   | Place    | Note
-------+----------+-------------------------------------------
     0 | D:1      | qw the Troll Cinder Acolyte began the quest for the Orb.
     0 | D:1      | Reached XP level 1. HP: 22/22 MP: 1/1
     0 | D:1      | 0 ||| qw: Version: 0.1-a-97-g2dd2ca4
     0 | D:1      | 0 ||| qw: Game counter: 4534
     0 | D:1      | 0 ||| qw: Always use a shield: true
     0 | D:1      | 0 ||| qw: God list: Okawaru
     0 | D:1      | 0 ||| qw: Allow faded altars: false
     0 | D:1      | 0 ||| qw: Do Orc after D:15 true
     0 | D:1      | 0 ||| qw: Do second Lair branch before Depths: true
     0 | D:1      | 0 ||| qw: Lair rune preference: random
     0 | D:1      | 0 ||| qw: Plans: Normal
     0 | D:1      | 0 ||| PLANNING D:1-11
    72 | D:1      | 72 ||| Stepping ~*~*~tactically~*~*~ (stealth).
    76 | D:1      | 76 ||| Stepping ~*~*~tactically~*~*~ (stealth).
   135 | D:1      | Reached XP level 2. HP: 29/29 MP: 2/2
   252 | D:1      | 252 ||| Stepping ~*~*~tactically~*~*~ (stealth).
   302 | D:1      | Found Avodghyo's Antique Armour Shoppe.
   353 | D:1      | Found a faded altar of an unknown god.
   435 | D:1      | Reached skill level 4 in Unarmed Combat
   768 | D:1      | 768 ||| READING scroll labelled EMIOTA TESU.
   773 | D:1      | 773 ||| READING scroll labelled TOOMYRPHOEGE.
   774 | D:1      | 774 ||| READING scroll labelled SAOWUL WAINE.
   966 | D:2      | Reached XP level 3. HP: 36/36 MP: 3/3
  1047 | D:2      | Reached skill level 1 in Throwing
  1058 | D:2      | 1058 ||| Stepping ~*~*~tactically~*~*~ (stealth).
  1059 | D:2      | 1059 ||| Stepping ~*~*~tactically~*~*~ (stealth).
  1437 | D:2      | 1437 ||| READING 2 scrolls labelled WATIXU RIUFUG.
  1438 | D:2      | 1438 ||| READING scroll labelled UGUCHICRANG.
  1439 | D:2      | 1439 ||| READING 3 scrolls of identify.
  1439 | D:2      | 1439 ||| IDENTIFYING sapphire potion
  1440 | D:2      | 1440 ||| READING 2 scrolls of identify.
  1440 | D:2      | 1440 ||| IDENTIFYING fuming purple potion
  1441 | D:2      | 1441 ||| DROPPING potion of berserk rage.
  1442 | D:2      | 1442 ||| DROPPING potion of brilliance.
  1443 | D:2      | 1443 ||| DROPPING scroll of immolation.
  1792 | D:3      | Reached XP level 4. HP: 44/44 MP: 4/4
  1905 | D:3      | Reached skill level 5 in Unarmed Combat
  1996 | D:3      | 1996 ||| READING scroll labelled KUINUA IXUH.
  1997 | D:3      | 1997 ||| READING scroll labelled GAUNKO ROCS.
  1998 | D:3      | 1998 ||| READING 3 scrolls of identify.
  1998 | D:3      | 1998 ||| IDENTIFYING ruby potion
  1999 | D:3      | 1999 ||| READING 2 scrolls of identify.
  1999 | D:3      | 1999 ||| IDENTIFYING orange potion
  2000 | D:3      | 2000 ||| DROPPING potion of degeneration.
  2001 | D:3      | 2001 ||| DROPPING potion of magic.
  2074 | D:4      | 2074 ||| Stepping ~*~*~tactically~*~*~ (hiding).
  2189 | D:4      | 2189 ||| Stepping ~*~*~tactically~*~*~ (stealth).
  2191 | D:4      | 2191 ||| Stepping ~*~*~tactically~*~*~ (stealth).
  2197 | D:4      | 2197 ||| Stepping ~*~*~tactically~*~*~ (hiding).
  2198 | D:4      | 2198 ||| INVOKING Fiery Armour.
  2206 | D:4      | Reached XP level 5. HP: 45/50 MP: 5/5
  2206 | D:4      | 2206 ||| Stepping ~*~*~tactically~*~*~ (hiding).
  2207 | D:4      | 2207 ||| Stepping ~*~*~tactically~*~*~ (hiding).
  2324 | D:4      | Found a radiant altar of Vehumet.
  2373 | D:4      | Found a blossoming altar of Fedhas.
  2648 | D:4      | Reached skill level 6 in Unarmed Combat
  2695 | D:4      | Noticed Blork the orc
  2696 | D:4      | 2696 ||| Stepping ~*~*~tactically~*~*~ (stealth).
  2699 | D:4      | 2699 ||| Stepping ~*~*~tactically~*~*~ (stealth).
  2711 | D:4      | Killed Blork the orc
  2712 | D:4      | Reached XP level 6. HP: 48/59 MP: 6/6
  2916 | D:4      | Found a shimmering blue altar of Sif Muna.
  2946 | D:4      | Found a glowing silver altar of Zin.
  3051 | D:4      | Found a hide-covered altar of Uskayaw.
  3054 | D:4      | 3054 ||| UPGRADING to +0 cloak.
  3059 | D:4      | 3059 ||| DRINKING 2 puce potions.
  3111 | D:5      | Entered Level 5 of the Dungeon
  3172 | D:5      | Noticed Grinder
  3177 | D:5      | Killed Grinder
  3178 | D:5      | Reached skill level 7 in Unarmed Combat
  3368 | D:5      | Reached XP level 7. HP: 66/66 MP: 7/7
  3442 | D:5      | Reached skill level 8 in Unarmed Combat
  3454 | D:5      | 3454 ||| Stepping ~*~*~tactically~*~*~ (outnumbered).
  3455 | D:5      | 3455 ||| Stepping ~*~*~tactically~*~*~ (outnumbered).
  3456 | D:5      | 3456 ||| Stepping ~*~*~tactically~*~*~ (outnumbered).
  3457 | D:5      | 3457 ||| Stepping ~*~*~tactically~*~*~ (outnumbered).
  3458 | D:5      | 3458 ||| Stepping ~*~*~tactically~*~*~ (outnumbered).
  3459 | D:5      | 3459 ||| Stepping ~*~*~tactically~*~*~ (outnumbered).
  3460 | D:5      | 3460 ||| Stepping ~*~*~tactically~*~*~ (outnumbered).
  3461 | D:5      | 3461 ||| Stepping ~*~*~tactically~*~*~ (outnumbered).
  3462 | D:5      | 3462 ||| Stepping ~*~*~tactically~*~*~ (outnumbered).
  3463 | D:5      | 3463 ||| Stepping ~*~*~tactically~*~*~ (outnumbered).
  3464 | D:5      | 3464 ||| Stepping ~*~*~tactically~*~*~ (outnumbered).
  3465 | D:5      | 3465 ||| Stepping ~*~*~tactically~*~*~ (outnumbered).
  3466 | D:5      | 3466 ||| Stepping ~*~*~tactically~*~*~ (outnumbered).
  3467 | D:5      | 3467 ||| Stepping ~*~*~tactically~*~*~ (outnumbered).
  3468 | D:5      | 3468 ||| Stepping ~*~*~tactically~*~*~ (outnumbered).
  3469 | D:5      | 3469 ||| Stepping ~*~*~tactically~*~*~ (outnumbered).
  3470 | D:5      | 3470 ||| Stepping ~*~*~tactically~*~*~ (outnumbered).
  3471 | D:5      | 3471 ||| Stepping ~*~*~tactically~*~*~ (outnumbered).
  3472 | D:5      | 3472 ||| Stepping ~*~*~tactically~*~*~ (outnumbered).
  3473 | D:5      | 3473 ||| Stepping ~*~*~tactically~*~*~ (outnumbered).
  3617 | D:5      | 3617 ||| READING scroll labelled KIORUVE DEREACAN.
  3618 | D:5      | 3618 ||| READING 2 scrolls of identify.
  3618 | D:5      | 3618 ||| IDENTIFYING metallic orange potion
  3619 | D:5      | 3619 ||| DROPPING potion of flight.
  3679 | D:6      | Noticed Dowan
  3680 | D:6      | Noticed Duvessa
  3681 | D:6      | 3681 ||| Stepping ~*~*~tactically~*~*~ (hiding).
  3682 | D:6      | 3682 ||| INVOKING Fiery Armour.
  3686 | D:6      | 3686 ||| Stepping ~*~*~tactically~*~*~ (hiding).
  3691 | D:6      | Killed Duvessa
  3692 | D:6      | Reached skill level 3 in Fighting
  3694 | D:6      | 3694 ||| Stepping ~*~*~tactically~*~*~ (hiding).
  3696 | D:6      | 3696 ||| Stepping ~*~*~tactically~*~*~ (stealth).
  3802 | D:6      | 3802 ||| Stepping ~*~*~tactically~*~*~ (hiding).
  3803 | D:6      | 3803 ||| Stepping ~*~*~tactically~*~*~ (hiding).
  3811 | D:6      | 3811 ||| Stepping ~*~*~tactically~*~*~ (stealth).
  3819 | D:6      | 3819 ||| Stepping ~*~*~tactically~*~*~ (hiding).
  3820 | D:6      | 3820 ||| Stepping ~*~*~tactically~*~*~ (hiding).
  3821 | D:6      | 3821 ||| Stepping ~*~*~tactically~*~*~ (hiding).
  3868 | D:6      | Reached skill level 9 in Unarmed Combat
  3937 | D:6      | Noticed Menkaure
  3938 | D:6      | 3938 ||| Stepping ~*~*~tactically~*~*~ (hiding).
  3946 | D:6      | Killed Menkaure
  3947 | D:6      | Reached XP level 8. HP: 69/75 MP: 8/8
  3976 | D:6      | Found a transporter.
  3977 | D:6      | 3977 ||| Stepping ~*~*~tactically~*~*~ (stealth).
  3988 | D:6      | Reached skill level 1 in Dodging
  3991 | D:6      | Noticed qw's ghost (novice TrCA)
  3993 | D:6      | Found a transporter.
  3998 | D:6      | 3998 ||| READING 4 scrolls of teleportation.
  4005 | D:6      | Found a staircase to the Ecumenical Temple.
  4033 | D:6      | 4033 ||| Stepping ~*~*~tactically~*~*~ (hiding).
  4044 | D:6      | Killed Dowan
  4096 | D:6      | 4096 ||| Stepping ~*~*~tactically~*~*~ (stealth).
  4474 | D:6      | 4474 ||| READING scroll labelled MEPLAE WUMPEAPP.
  4475 | D:6      | 4475 ||| READING scroll labelled OKLAHU NOERCH.
  4531 | D:7      | 4531 ||| Stepping ~*~*~tactically~*~*~ (stealth).
  4620 | D:7      | Reached skill level 10 in Unarmed Combat
  4730 | D:7      | 4730 ||| Stepping ~*~*~tactically~*~*~ (outnumbered).
  4736 | D:7      | 4736 ||| INVOKING Fiery Armour.
  4736 | D:7      | HP: 19/78 [killer bee (2)]
  4737 | D:7      | 4737 ||| READING 3 scrolls of teleportation.
  4737 | D:7      | HP: 3/78 [killer bee (7)]
  4738 | D:7      | HP: 1/78 [poisoned by a killer bee]
  4738 | D:7      | Slain by a killer bee

Levels and vault maps discovered:
D:1:      psy_arrival_basics, layout_basic, serial_shops,
          nicolae_shop_competitors_out_of_business,
          dreamdust_ecumenical_altar_grove
D:2:      layout_loops_ring, minmay_misc_feat_room, st_stairs_3
D:3:      layout_loops_ring, kennysheep_nondescript
D:4:      layout_basic, nicolae_overflow_quartered_altars,
          general_overflow_altar, minmay_misc_feat_tower, uniq_blork_the_orc
D:5:      layout_basic, uniq_grinder
D:6:      layout_basic, minmay_temple_entry_glass, gammafunk_ghost_arena,
          minmay_manual_mares, uniq_duvessa, uniq_menkaure
D:7:      layout_cave_pools, enter_bailey_6, minmay_mini_ossuary

Skill      XL: |  1  2  3  4  5  6  7  8 |
---------------+-------------------------+-----
Unarmed Combat | 4 5 6 7 9 10 | 10.0
Throwing       | 1 2 |  2.4
Fighting       | 3 4 |  4.1
Dodging        | 1 |  1.5
Spellcasting   | |  1.0
Fire Magic     | |  2.1

Action                   |  1- 3 |  4- 6 |  7- 9 || total
-------------------------+-------+-------+-------++-------
Melee: Unarmed           |   113 |    63 |   114 ||   290
       Punch             |     1 |     1 |     1 ||     3
Throw: Javelin           |    26 |    10 |    18 ||    54
Invok: Fiery Armour      |       |     1 |     2 ||     3
  Use: Scroll            |     7 |     4 |     6 ||    17
       Potion            |       |     1 |       ||     1
Armor: Robe              |    32 |    14 |    41 ||    87
Dodge: Dodged            |    53 |    23 |    75 ||   151

Table legend:
 A = Non-vault XP
 B = Vault XP
 C = Vault XP percentage of total XP
 D = Non-vault monster count
 E = Vault monster count
 F = Vault count percentage of total count
                 A         B        C        D         E       F
            +---------+---------+-------+---------+---------+-------
      Total |    1370 |     977 |  41.6 |      88 |      13 |  12.9
            +---------+---------+-------+---------+---------+-------
        D:1 |      33 |       0 |   0.0 |      22 |       0 |   0.0
        D:2 |      33 |       3 |   8.3 |      17 |       2 |  10.5
        D:3 |      74 |       0 |   0.0 |       8 |       0 |   0.0
        D:4 |     164 |      99 |  37.6 |      15 |       1 |   6.2
        D:5 |     219 |     272 |  55.4 |      10 |       1 |   9.1
        D:6 |     343 |     599 |  63.6 |       8 |       5 |  38.5
        D:7 |     504 |       4 |   0.8 |       8 |       4 |  33.3
            +---------+---------+-------+---------+---------+-------
